 Dungeon Crawl Stone Soup version 0.27.1-33-g824d729ab1 (webtiles) character file.

Game seed: 14463755400787826981

877 styxcanada the Covert (level 7, -1/35 HPs)
             Began as a Spriggan Brigand on Dec 5, 2021.
             Was an Initiate of Gozag.
             Slain by a wyvern zombie (7 damage)
             ... on level 5 of the Dungeon.
             The game lasted 00:20:36 (5940 turns).

styxcanada the Covert (Spriggan Brigand)            Turns: 5940, Time: 00:20:36

Health: -1/35      AC:  4    Str:  7    XL:     7   Next: 75%
Magic:  11/11      EV: 18    Int: 12    God:    Gozag
Gold:   307        SH: 10    Dex: 19    Spells: 8/10 levels left

rFire    . . .     SeeInvis +   i - +4 short sword
rCold    . . .     Faith    .   x - +0 buckler
rNeg     . . .     Spirit   .   b - +0 robe
rPois    .         Reflect  +   (helmet restricted)
rElec    .         Harm     .   c - +1 cloak
rCorr    +         Rampage  .   (gloves unavailable)
Will     +....                  (boots unavailable)
Stlth    +++++.....             n - amulet of reflection
HPRegen  0.11/turn              k - ring of resist corrosion
MPRegen  0.12/turn              (no ring)

@: very quick
A: very small, no large weapons, unfitting armour, see invisible, speed 3
a: Renounce Religion, Potion Petition, Call Merchant, Bribe Branch


You were on level 5 of the Dungeon.
You worshipped Gozag.
Gozag was aware of your devotion.
You visited 2 branches of the dungeon, and saw 6 of its levels.

You collected 379 gold pieces.
You paid 72 gold pieces to Gozag.

Inventory:

Hand Weapons
 a - a +3 dagger
 f - a +3 quarterstaff of chaos
 i - a +4 short sword (weapon)
Missiles
 d - 32 poisoned darts (quivered)
 e - 2 curare-tipped darts
 g - 7 atropa-tipped darts
 j - 128 stones
 m - 2 throwing nets
 r - 4 boomerangs
 y - 22 sling bullets
Armour
 b - a +0 robe (worn)
 c - a +1 cloak (worn)
 x - a +0 buckler (worn)
Jewellery
 k - a ring of resist corrosion (left hand)
 n - an amulet of reflection (around neck)
 o - a ring of fire
 w - a ring of protection from fire
Wands
 l - a wand of flame (7)
Scrolls
 s - 3 scrolls of immolation
 u - a scroll of holy word
Potions
 h - a potion of lignification
 p - 2 potions of cancellation {unknown}
 q - a potion of heal wounds {unknown}
 t - 2 potions of brilliance {unknown}
 v - a potion of might {unknown}
 z - a potion of magic {unknown}


   Skills:
 * Level 2.7 Fighting
 + Level 4.5 Short Blades
 + Level 3.2 Throwing
 * Level 4.1 Dodging
 * Level 10.0 Stealth
 + Level 0.1 Shields
 * Level 2.1 Spellcasting
 * Level 1.3 Hexes
 * Level 0.8 Ice Magic
 * Level 1.9 Evocations


You had 8 spell levels left.
You knew the following spells:

 Your Spells              Type           Power      Damage    Failure   Level
a - Ensorcelled Hibernat  Hex/Ice        6%         N/A       41%         2

Your spell library contained the following spells:

 Spells                   Type           Power      Damage    Failure   Level
 Corona                   Hex            4%         N/A       26%         1
 Foxfire                  Conj/Fire      4%         2x1d4     41%         1
 Tukima's Dance           Hex            4%         N/A       61%         3
 Inner Flame              Hex/Fire       2%         N/A       71%         3
 Conjure Flame            Conj/Fire      1%         6-21      80%         3


Dungeon Overview and Level Annotations

Branches:
Dungeon (5/15)             Temple (1/1) D:4

Altars:
Cheibriados
Gozag
Kikubaaqudgha
Nemelex Xobeh
Okawaru
Qazlal
Sif Muna
Trog
Uskayaw
Vehumet
Wu Jian
Xom
Yredelemnul
The Shining One


Innate Abilities, Weirdness & Mutations

You are very small and have problems with some larger weapons.
You are too small for most types of armour.
You have supernaturally acute eyesight. (SInv)
You cover ground extremely quickly. (Speed+++)


Message History

You hit the wyvern zombie.
The wyvern zombie is heavily damaged.
The wyvern zombie misses you.
You hit the wyvern zombie.
The wyvern zombie is severely damaged.
The wyvern zombie closely misses you. You block the wyvern zombie's attack.
You barely miss the wyvern zombie.
The wyvern zombie is severely damaged.
The wyvern zombie misses you.
You hit the wyvern zombie.
The wyvern zombie is severely damaged.
The wyvern zombie bites you but does no damage.
You barely miss the wyvern zombie.
The wyvern zombie is severely damaged.
The wyvern zombie bites you!
You hit the wyvern zombie but do no damage.
The wyvern zombie is severely damaged.
The wyvern zombie bites you! You block the wyvern zombie's attack.
You hit the wyvern zombie but do no damage.
The wyvern zombie is severely damaged.
You block the wyvern zombie's attack.
You hit the wyvern zombie but do no damage.
The wyvern zombie is severely damaged.
The wyvern zombie barely misses you.
You barely miss the wyvern zombie.
The wyvern zombie is severely damaged.
The wyvern zombie closely misses you.
You hit the wyvern zombie.
The wyvern zombie is severely damaged.
The wyvern zombie closely misses you. The wyvern zombie bites you.
* * * LOW HITPOINT WARNING * * *
You barely miss the wyvern zombie.
The wyvern zombie is severely damaged.
The wyvern zombie bites you.
* * * LOW HITPOINT WARNING * * *
You hit the wyvern zombie.
The wyvern zombie is severely damaged.
The wyvern zombie bites you!
You die...
Your body crumbles into a pile of gold.

##.##...###.....#.#.#'#.#.#.#.#+
...........#.<...#.#.#.#<#.#.#.#
#######.###'....#.#.#.#.#.#.#.#.
#..........#.....#.#.#.#.#.#.#.#
#.#####...#.#+#.#.#.#.#.#.#.#.#.
#.# ####.#.#.#)#.#.#.#.#.#.#.#
#.# ##.#.#w#.#.#.#.#.#.#.#. #.#
#.#.#Z#.#.#.#.#.#.#.#.# #.#
##.#.#@#.#.#.#.#.#.#.#. #.#
#.#.#.#.#.#.#.#.#.#.#.# #.#
##.#.#.#.#.#.#.#.#.#.#. #.#
###.#.#.#.#.#.#.#.#.#.#.# #.#
#..#.#.#.#.#.#.#.#.#.#.#. #.#
#.#.#.#.#.#.#.#.#.#.#.#.# #.#
#.##.#.#.#.#.#.#.#.#.#.#. #.#
#.#.#.#.#.#.#.#.#.#.#.#.# #.#
#.##.#.#.#.#.#.#.#.#.#.#.


You could see a wyvern zombie.

Vanquished Creatures
  Sigmund (D:2)
  An ice beast (D:5)
  A necrophage (D:4)
  A centaur (D:5)
  A phantom (D:4)
  A wyvern zombie (D:5)
  A water moccasin skeleton (D:5)
  Crazy Yiuf (D:2)
  A hound (D:5)
  A jelly (D:5)
  Jessica (D:2)
  An orc wizard (D:3)
  4 gnolls (D:3)
  2 adders
  An ufetubus (D:5)
  4 worms
  11 orcs
  6 endoplasms
  A giant cockroach (D:1)
  4 hobgoblins
  3 jackals (D:3)
  3 kobolds
  3 quokkas
  7 ball pythons
  10 bats
  3 frilled lizards
  9 goblins
  A goblin skeleton (D:5)
  4 rats
88 creatures vanquished.

Notes
Turn   | Place    | Note
-------+----------+-------------------------------------------
     0 | D:1      | styxcanada the Spriggan Brigand began the quest for the
                  | Orb.
     0 | D:1      | Reached XP level 1. HP: 10/10 MP: 2/2
    10 | D:1      | Reached skill level 6 in Stealth
   406 | D:1      | Reached XP level 2. HP: 14/14 MP: 3/3
   563 | D:1      | Found a faded altar of an unknown god.
   605 | D:1      | Reached skill level 7 in Stealth
   867 | D:1      | Reached XP level 3. HP: 18/18 MP: 4/4
  1513 | D:2      | Noticed Jessica
  1526 | D:2      | Killed Jessica
  1782 | D:2      | Reached XP level 4. HP: 23/23 MP: 5/5
  1951 | D:2      | Reached skill level 8 in Stealth
  1972 | D:2      | Noticed Sigmund
  1975 | D:2      | Killed Sigmund
  1976 | D:2      | Reached XP level 5. HP: 26/26 MP: 6/6
  2182 | D:2      | Found a runed translucent door.
  2182 | D:2      | You fall into a shaft and drop 1 floor!
  2229 | D:2      | Noticed Crazy Yiuf
  2332 | D:2      | Killed Crazy Yiuf
  2333 | D:2      | Reached skill level 9 in Stealth
  2586 | D:3      | Found an iron altar of Okawaru.
  2588 | D:3      | Found an ornate altar of the Wu Jian Council.
  2589 | D:3      | Found a snail-covered altar of Cheibriados.
  2645 | D:3      | Found a sparkling altar of Nemelex Xobeh.
  2665 | D:3      | Reached XP level 6. HP: 18/30 MP: 7/7
  2943 | D:3      | Found a radiant altar of Vehumet.
  3466 | D:3      | Found a bloodstained altar of Trog.
  3466 | D:3      | Found an ancient bone altar of Kikubaaqudgha.
  3723 | D:4      | Reached skill level 1 in Evocations
  3845 | D:4      | Found a staircase to the Ecumenical Temple.
  3854 | Temple   | Entered the Ecumenical Temple
  3950 | Temple   | Became a worshipper of Gozag Ym Sagoz the Greedy
  4201 | D:4      | Reached XP level 7. HP: 35/35 MP: 8/8
  4289 | D:4      | Learned a level 2 spell: Ensorcelled Hibernation
  4586 | D:5      | Entered Level 5 of the Dungeon
  4970 | D:5      | Reached skill level 1 in Spellcasting
  5048 | D:5      | Found a runed translucent door.
  5048 | D:5      | Noticed a human
  5050 | D:5      | Found a basalt altar of Yredelemnul.
  5081 | D:5      | Reached skill level 1 in Hexes
  5215 | D:5      | Reached skill level 10 in Stealth
  5940 | D:5      | Slain by a wyvern zombie

Illustrated notes

Levels and vault maps discovered:
D:1:      minmay_arrival_radiant_lines, layout_basic,
          ebering_ecumenical_altar_webs, st_stairs_5, serial_bayou_pond_e
D:2:      layout_loops_cross, serial_rivers, chequers_serial_rivers_micro_d,
          chequers_serial_rivers_micro_e, chequers_serial_rivers_small_b,
          chequers_serial_rivers_large_a, hangedman_decor_growths,
          kennysheep_generic_room_16, uniq_sigmund, uniq_crazy_yiuf_cottage,
          uniq_jessica
D:3:      layout_basic, vehumet_altar_wand_db,
          nicolae_overflow_quartered_altars, gammafunk_temple_overflow_pools,
          gup_sewer_entry_glass
D:4:      layout_basic, minmay_temple_entry_mist, minmay_stone_trees_medium
D:5:      layout_basic, dk_yredelemnul_ordeal
Temple:   minmay_temple_curvy_loop

Skill      XL: |  1  2  3  4  5  6  7 |
---------------+----------------------+-----
Stealth        | 6 7 8 9 10 | 10.0
Dodging        | 2 3 4 |  4.1
Fighting       | 2 |  2.7
Short Blades   | 3 4 |  4.5
Evocations     | 1 |  1.9
Throwing       | 3 |  3.2
Spellcasting   | 2 |  2.1
Hexes          | 1 |  1.3
Shields        | |  0.1
Ice Magic      | |  0.8

Action                   |  1- 3 |  4- 6 |  7- 9 || total
-------------------------+-------+-------+-------++-------
Melee: Dagger            |    98 |    30 |       ||   128
       Short sword       |       |    87 |    81 ||   168
Throw: Dart              |     7 |    22 |    11 ||    40
Evoke: Wand              |       |       |    10 ||    10
  Use: Scroll            |       |     8 |     2 ||    10
 Stab: Sleeping          |    14 |     6 |     3 ||    23
Armor: Robe              |    18 |     8 |     8 ||    34
Dodge: Dodged            |    56 |    72 |    43 ||   171
Block: Other             |       |     4 |     9 ||    13
       Buckler           |       |       |    16 ||    16
